AoeStats
← Supershrimp

Arabia

510234672Analyzed
1v1 RM · 1d ago on Sep 30, 2026· 43m 59s· 2 players
Game mode
Random Map
Map size
Tiny (2 player)
Population
200
Speed
Normal
Resources
Standard
Victory
Conquest
Starting age
Dark Age
Ending age
Imperial Age
RankedLock teamsTeams togetherTeam positionsShared explorationLock speedFull tech treeHidden civsTurbo modeCheats
Victory
Defeat
🇭🇰 Byzantines · Hong Kong SAR China
1104
+16
🇲🇽 Japanese · Mexico
1098
-16
pepperonix7
7:12 Loom
9:58 Feudal Age
18:59 Fletching
19:57 Double-Bit Axe
23:27 Castle Age
21:30 Horse Collar
24:02 Padded Archer Armor
23:33 Elite Skirmisher
24:36 Bow Saw
25:56 Leather Archer Armor
25:38 Bodkin Arrow
27:45 Thumb Ring
30:55 Town Watch
31:56 Wheelbarrow
31:35 Squires
32:44 Scale Mail Armor
35:39 Heavy Plow
38:13 Forging
39:33 Hand Cart
40:34 Chain Mail Armor
40:08 Pikeman
41:34 Gambesons
41:35 Arson
Supershrimp
6:44 Loom
9:35 Feudal Age
10:55 Double-Bit Axe
11:32 Horse Collar
18:56 Fletching
19:53 Gold Mining
23:01 Castle Age
21:51 Scale Barding Armor
23:35 Forging
24:00 Husbandry
24:25 Bodkin Arrow
24:43 Elite Skirmisher
28:06 Chain Barding Armor
29:38 Iron Casting
31:34 Padded Archer Armor
32:29 Ballistics
33:32 Bow Saw
34:38 Crossbowman
35:24 Thumb Ring
36:06 Wheelbarrow
39:07 Imperial Age
38:13 Leather Archer Armor
39:53 Arbalester
40:35 Bracer
41:49 Two-Man Saw
41:06 Hand Cart
42:59 Chemistry
42:04 Cavalier
44:23 Plate Barding Armor
Connection lost

Rejoining the realm…

Still unreachable

The connection could not be restored.

Session expired

The server has moved on; the page needs a fresh start.